 Dungeon Sprint DCSS version 0.26.1-2-gb8aa6d0cf2 (webtiles) character file.

Game seed: 17946452044357123743

6300000 Groucho the Intangible (level 27, -10/174 HPs)
             Began as a Spriggan Abyssal Knight on Mar 9, 2021.
             Was the Champion of Makhleb.
             Mangled by The Servant
             ... wielding a +9 glaive of flaming
              (147 damage)
             ... in the Dungeon (Sprint VIII: "Arena of Blood").
             The game lasted 00:04:55 (63 turns).

Groucho the Intangible (Spriggan Abyssal Knight)      Turns: 63, Time: 00:04:56

Health: -10/174    AC:  4    Str:  8    XL:     27
Magic:  24/55      EV: 44    Int: 15    God:    Makhleb [******]
Gold:   0          SH:  0    Dex: 27    Spells: 80/80 levels left

rFire    . . .     SeeInvis +   i - +∞ Axe of Woe
rCold    . . .     Faith    .   (shield currently unavailable)
rNeg     . . .     Spirit   .   b - +0 robe
rPois    .         Reflect  .   (helmet restricted)
rElec    .         Harm     .   (no cloak)
rCorr    .         Rampage  .   (gloves unavailable)
Will     ++++.     NoTele   +   (boots unavailable)
Stlth    ++........             (no amulet)
HPRegen  0.39/turn              (no ring)
MPRegen  0.34/turn              (no ring)

@: very quick
A: very small, unfitting armour, see invisible, speed 3
a: Renounce Religion, Minor Destruction, Lesser Servant of Makhleb, Major
Destruction, Greater Servant of Makhleb


You were in the Dungeon.
You worshipped Makhleb.
Makhleb was exalted by your worship.
You visited 1 branch

Inventory:

Hand Weapons
 a - a +1 hand axe
 i - the +∞ Axe of Woe (weapon)
   (You found it in the Dungeon)
Armour
 b - a +0 robe (worn)
Jewellery
 j - a +30 ring of slaying
Scrolls
 h - a scroll of blinking
Potions
 c - a potion of curing
 d - a potion of heal wounds
 e - a potion of haste
 f - 2 potions of magic
 g - a potion of berserk rage


   Skills:
 O Level 27 Fighting
 O Level 27 Short Blades
 O Level 27 Long Blades
 O Level 27 Axes
 O Level 27 Maces & Flails
 O Level 27 Polearms
 O Level 27 Staves
 O Level 27 Slings
 O Level 27 Bows
 O Level 27 Crossbows
 O Level 27 Throwing
 O Level 27 Armour
 O Level 27 Dodging
 + Level 23.6 Shields
 O Level 27 Unarmed Combat
 O Level 27 Spellcasting
 + Level 17.1 Conjurations
 O Level 27 Hexes
 + Level 18.3 Summonings
 + Level 19.8 Necromancy
 O Level 27 Translocations
 O Level 27 Transmutations
 + Level 18.3 Fire Magic
 + Level 18.4 Ice Magic
 + Level 19.7 Air Magic
 + Level 19.7 Earth Magic
 + Level 21.2 Poison Magic
 O Level 27 Invocations


You had 80 spell levels left.
You didn't know any spells.
Your spell library was empty.

Dungeon Overview and Level Annotations

Branches:
Dungeon (1/1)

Altars:
Makhleb

Annotations:
D The Captor, The Servant


Innate Abilities, Weirdness & Mutations

You are very small and have problems with some larger weapons.
You are too small for most types of armour.
You have supernaturally acute eyesight. (SInv)
You cover ground extremely quickly.


Message History

You hear a shout! x4
A bag of meat comes into view. It is wielding a +9 war axe.
You hear a shout! x2
Unknown command.
Unknown command.
You hit the crawling corpse but do no damage.
You cleave the crawling corpse in twain.
You destroy the crawling corpse!
You slash the sculptor of flesh!
You cleave the sculptor of flesh in twain.
You destroy the sculptor of flesh!
Makhleb accepts your kill.
You feel better.
You are engulfed in blazing flames.
Two crawling corpses merge to form a small abomination.
You hear a shout!
The meat beast is engulfed in blazing flames.
The meat beast bites you!! The meat beast closely misses you.
The Servant hits you from afar with a +9 glaive of flaming!!!!!
Ouch! That really hurt!
You die...

o. .. ... .....
#.. ...# . #..
...# . ..###..
...###..
...W..###......
......)_o.@...o
#.)2§.# #_)@)§#
#))§§§#
...x.@_...o..
......###......
..###..
...###.. . #..
...# . #.. ...#
... .....


You could see a meat beast (fast), The Servant, a dread, The Captor, a small
abomination and 2 bags of meat.

Vanquished Creatures
  12 vampire knights (D)
  18 ogres (D)
  6 two-headed ogres (D)
  A lich (D)
  31 orcs (D)
  6 skeletal warriors (D)
  4 large abominations (D)
  2 small abominations (D)
  9 crawling corpses (D)
89 creatures vanquished.

Vanquished Creatures (others)
  A small abomination (D)
  3 crawling corpses (D)
4 creatures vanquished.

Grand Total: 93 creatures vanquished

Notes
Turn   | Place    | Note
-------+----------+-------------------------------------------
     0 | D        | Found the +∞ Axe of Woe
     0 | D        | Groucho the Spriggan Abyssal Knight began the quest for the
                  | Orb.
     0 | D        | Reached XP level 1. HP: 11/11 MP: 3/3
     2 | D        | Noticed a bag of meat
     3 | D        | Noticed a bag of meat
     3 | D        | Noticed a bag of meat
     4 | D        | Fell from the grace of Lugonu
     4 | D        | Became a worshipper of Makhleb the Destroyer
     4 | D        | Noticed a bag of meat
     4 | D        | Noticed a bag of meat
     4 | D        | Noticed a bag of meat
     8 | D        | Noticed a meat berserker
     8 | D        | Killed a bag of meat
     8 | D        | Noticed a meat berserker
     8 | D        | Noticed a bag of meat
     9 | D        | Reached XP level 2. HP: 16/16 MP: 4/4
     9 | D        | Reached XP level 3. HP: 19/19 MP: 5/5
     9 | D        | Reached XP level 4. HP: 23/23 MP: 6/6
     9 | D        | Reached XP level 5. HP: 27/27 MP: 7/7
     9 | D        | Reached XP level 6. HP: 32/32 MP: 8/8
     9 | D        | Reached XP level 7. HP: 35/35 MP: 9/9
     9 | D        | Reached XP level 8. HP: 39/39 MP: 10/10
     9 | D        | Reached XP level 9. HP: 43/43 MP: 11/11
     9 | D        | Reached XP level 10. HP: 47/47 MP: 12/12
     9 | D        | Reached XP level 11. HP: 51/51 MP: 13/13
     9 | D        | Noticed a meat berserker
    11 | D        | Killed a meat berserker
    11 | D        | Reached * piety under Makhleb
    11 | D        | Killed a bag of meat
    11 | D        | Killed a bag of meat
    11 | D        | Noticed a bag of meat
    12 | D        | Reached skill level 27 in Axes
    12 | D        | Reached skill level 27 in Dodging
    12 | D        | Reached XP level 12. HP: 58/58 MP: 13/16
    12 | D        | Reached XP level 13. HP: 62/62 MP: 13/17
    12 | D        | Reached XP level 14. HP: 67/67 MP: 13/18
    12 | D        | Killed a meat berserker
    12 | D        | Reached ** piety under Makhleb
    12 | D        | Killed a meat berserker
    13 | D        | Reached XP level 15. HP: 93/93 MP: 13/29
    13 | D        | Reached XP level 16. HP: 98/98 MP: 13/30
    14 | D        | Reached *** piety under Makhleb
    14 | D        | Noticed a meat berserker
    14 | D        | Noticed a meat berserker
    15 | D        | Noticed a meat berserker
    15 | D        | Noticed a meat berserker
    18 | D        | Reached XP level 17. HP: 113/113 MP: 13/34
    18 | D        | Reached **** piety under Makhleb
    18 | D        | Noticed a destroyer
    19 | D        | Noticed a meat berserker
    20 | D        | Killed a meat berserker
    20 | D        | Killed a meat berserker
    20 | D        | Killed a meat berserker
    20 | D        | Noticed a meat berserker
    20 | D        | Noticed a meat berserker
    21 | D        | Reached skill level 27 in Fighting
    21 | D        | Reached skill level 27 in Invocations
    21 | D        | Reached skill level 15 in Armour
    21 | D        | Reached XP level 18. HP: 127/127 MP: 14/36
    21 | D        | Reached XP level 19. HP: 132/132 MP: 14/37
    21 | D        | Noticed a destroyer
    22 | D        | Killed a destroyer
    22 | D        | Reached ***** piety under Makhleb
    22 | D        | Killed a meat berserker
    22 | D        | Noticed a meat berserker
    23 | D        | Noticed a large bag of meat
    24 | D        | Noticed a large bag of meat
    25 | D        | Reached XP level 20. HP: 137/137 MP: 15/38
    25 | D        | Killed a meat berserker
    26 | D        | Killed a large bag of meat
    26 | D        | Killed a meat berserker
    26 | D        | Reached ****** piety under Makhleb
    26 | D        | Noticed a large bag of meat
    27 | D        | Reached skill level 27 in Armour
    27 | D        | Reached skill level 27 in Unarmed Combat
    27 | D        | Reached XP level 21. HP: 115/142 MP: 15/45
    27 | D        | Noticed a large bag of meat
    28 | D        | Noticed a large bag of meat
    30 | D        | Reached XP level 22. HP: 148/148 MP: 16/52
    31 | D        | Reached skill level 27 in Spellcasting
    32 | D        | Reached skill level 27 in Short Blades
    32 | D        | Killed a destroyer
    33 | D        | Reached skill level 27 in Throwing
    33 | D        | Reached skill level 15 in Long Blades
    33 | D        | Reached XP level 23. HP: 153/153 MP: 17/55
    33 | D        | Killed a large bag of meat
    33 | D        | Killed a large bag of meat
    33 | D        | Noticed a destroyer
    34 | D        | Reached skill level 27 in Slings
    34 | D        | Noticed a destroyer
    35 | D        | Reached skill level 27 in Long Blades
    35 | D        | Reached skill level 5 in Maces & Flails
    35 | D        | Reached skill level 5 in Polearms
    35 | D        | Reached skill level 5 in Staves
    35 | D        | Reached XP level 24. HP: 143/158 MP: 17/55
    35 | D        | Killed a large bag of meat
    36 | D        | Reached skill level 10 in Maces & Flails
    36 | D        | Reached skill level 10 in Polearms
    36 | D        | Reached skill level 10 in Staves
    36 | D        | Noticed a destroyer
    37 | D        | Reached skill level 15 in Maces & Flails
    37 | D        | Reached skill level 15 in Polearms
    37 | D        | Reached skill level 15 in Staves
    38 | D        | Killed a large bag of meat
    39 | D        | Reached XP level 25. HP: 108/163 MP: 18/55
    39 | D        | Killed a destroyer
    39 | D        | Noticed a destroyer
    40 | D        | Killed a destroyer
    40 | D        | Killed a destroyer
    40 | D        | Noticed a destroyer
    41 | D        | Reached skill level 27 in Maces & Flails
    41 | D        | Reached skill level 27 in Polearms
    41 | D        | Reached skill level 27 in Staves
    41 | D        | Reached XP level 26. HP: 153/169 MP: 18/55
    41 | D        | Noticed a destroyer
    42 | D        | Noticed a destroyer
    42 | D        | Killed a destroyer
    43 | D        | Reached XP level 27. HP: 158/174 MP: 19/55
    44 | D        | Reached skill level 27 in Bows
    45 | D        | Reached skill level 27 in Crossbows
    45 | D        | Killed a destroyer
    45 | D        | Noticed a destroyer
    46 | D        | Noticed a tyrant
    47 | D        | Killed a tyrant
    48 | D        | Noticed a large bag of meat
    48 | D        | Noticed a destroyer
    49 | D        | Reached skill level 27 in Translocations
    49 | D        | Reached skill level 27 in Transmutations
    50 | D        | Killed a destroyer
    50 | D        | Killed a destroyer
    50 | D        | Noticed a destroyer
    51 | D        | Reached skill level 27 in Hexes
    51 | D        | Reached skill level 10 in Necromancy
    51 | D        | Reached skill level 10 in Air Magic
    51 | D        | Reached skill level 10 in Earth Magic
    51 | D        | Killed a destroyer
    52 | D        | Reached skill level 10 in Conjurations
    52 | D        | Killed a destroyer
    54 | D        | Reached skill level 15 in Necromancy
    54 | D        | Reached skill level 15 in Air Magic
    54 | D        | Reached skill level 15 in Earth Magic
    56 | D        | Noticed The Servant
    58 | D        | Reached skill level 15 in Summonings
    58 | D        | Reached skill level 15 in Fire Magic
    58 | D        | Reached skill level 15 in Ice Magic
    58 | D        | Killed a large bag of meat
    59 | D        | Killed a destroyer
    60 | D        | Reached skill level 15 in Conjurations
    60 | D        | Noticed a dread
    60 | D        | Noticed a meat beast
    60 | D        | Noticed The Captor
    63 | D        | Mangled by The Servant

Illustrated notes

Levels and vault maps discovered:
D:        meatsprint

Skill      XL: |  1  2  3  4  5  6  7  8  9 10 11 12 13 14 15 16 17 18 19 20 21 22 23 24 25 26 27 |
---------------+----------------------------------------------------------------------------------+-----
Axes           | 16 27 | 27.0
Dodging        | 25 27 | 27.0
Fighting       | 4 17 22 27 | 27.0
Invocations    | 4 19 25 27 | 27.0
Armour         | 15 23 27 | 27.0
Unarmed Combat | 16 25 27 | 27.0
Short Blades   | 18 23 27 | 27.0
Throwing       | 17 22 27 | 27.0
Spellcasting   | 19 25 27 | 27.0
Long Blades    | 15 27 | 27.0
Slings         | 20 27 | 27.0
Maces & Flails | 5 19 27 | 27.0
Polearms       | 5 19 27 | 27.0
Staves         | 5 19 27 | 27.0
Bows           | 25 27 | 27.0
Crossbows      | 22 27 | 27.0
Shields        | 23 | 23.6
Hexes          | 27 | 27.0
Translocations | 27 | 27.0
Transmutations | 27 | 27.0
Conjurations   | 17 | 17.1
Summonings     | 18 | 18.3
Necromancy     | 19 | 19.8
Fire Magic     | 18 | 18.3
Ice Magic      | 18 | 18.4
Air Magic      | 19 | 19.7
Earth Magic    | 19 | 19.7
Poison Magic   | 21 | 21.2

Action                   |  1- 3 |  4- 6 |  7- 9 | 10-12 | 13-15 | 16-18 | 19-21 | 22-24 | 25-27 || total
-------------------------+-------+-------+-------+-------+-------+-------+-------+-------+-------++-------
Melee: Broad axe         |     1 |       |       |     1 |     1 |     5 |     6 |     9 |    21 ||    44
Invok: Greater Servant o |       |       |       |       |       |       |     1 |       |       ||     1
 Stab: Distracted        |       |       |       |       |       |       |       |     1 |       ||     1
Dodge: Dodged            |       |       |       |       |       |       |       |       |     1 ||     1
